 Dungeon Crawl Stone Soup version 0.29-a0-504-gec6baf379c (webtiles) character file.

Game seed: 8676308165968608624

237 Colgate the Sneak (level 6, 0/35 HPs)
             Began as a Kobold Brigand on May 28, 2022.
             Was an Initiate of Makhleb.
             Slain by a gnoll
             ... wielding a +0 spear
             ... led by a gnoll shaman
              (2 damage)
             ... on level 3 of the Dungeon.
             The game lasted 00:03:29 (2042 turns).

Colgate the Sneak (Kobold Brigand)                  Turns: 2042, Time: 00:03:30

Health: 0/35       AC:  4    Str:  9    XL:     6   Next: 28%
Magic:  9/9        EV: 14    Int: 12    God:    Makhleb [......]
Gold:   156        SH:  0    Dex: 18    Spells: 5/5 levels left

rFire   . . .      SeeInvis .   a - +2 dagger
rCold   . . .      Faith    .   (no shield)
rNeg    . . .      Spirit   .   b - +0 robe
rPois   .          Reflect  .   p - +1 helmet
rElec   .          Harm     .   l - scarf {shadows}
rCorr   .          Rampage  .   (no gloves)
Will    .....                   (no boots)
Stlth   ++++......              (no amulet)
HPRegen 0.11/turn               (no ring)
MPRegen 0.11/turn               (no ring)

@: no status effects
A: small, no large weapons, nightstalker 3
a: Renounce Religion


You were on level 3 of the Dungeon.
You worshipped Makhleb.
Makhleb was noncommittal.
You visited 1 branch of the dungeon, and saw 3 of its levels.

You collected 156 gold pieces.

Inventory:

Hand Weapons
 a - a +2 dagger (weapon)
Missiles
 d - 9 poisoned darts (quivered)
 e - 3 curare-tipped darts
Armour
 b - a +0 robe (worn)
 c - a +0 cloak
 l - a scarf of shadows (worn)
 p - a +1 helmet (worn)
Scrolls
 f - 2 scrolls of teleportation {@r3}
 j - a scroll of noise {unknown}
 m - a scroll of fear
 n - a scroll of blinking {unknown}
Potions
 h - a potion of ambrosia
 i - a potion of haste {@q4}
 k - a potion of cancellation
 o - 3 potions of curing {@q1}
 q - a potion of invisibility


   Skills:
 - Level 2.1 Fighting
 - Level 5.3 Short Blades
 - Level 2.1 Throwing
 - Level 1.2 Dodging
 - Level 5.3 Stealth
 + Level 4.8 Invocations


You had 5 spell levels left.
You didn't know any spells.
Your spell library was empty.

Dungeon Overview and Level Annotations

Branches:
Dungeon (3/15)

Altars:
Makhleb


Innate Abilities, Weirdness & Mutations

You are small and have problems with some larger weapons.
You are completely attuned to the shadows.


Message History

You hear an angry hiss.
You hit the gnoll.
A gnoll comes into view. It is wielding a +0 whip.
The gnoll barely misses you.
The gnoll shaman calls upon its god to heal the gnoll.
The gnoll's wounds heal themselves!
You hit the gnoll but do no damage.
An adder comes into view.
The gnoll barely misses you.
The adder hisses angrily.
You hit the gnoll. You hit the gnoll. The gnoll hits you but does no damage.
You hit the gnoll. The gnoll barely misses you.
You closely miss the gnoll.
You hit the gnoll shaman but do no damage.
You hit the gnoll shaman but do no damage.
The gnoll hits you from afar with a +0 spear.
You barely miss the gnoll shaman. The gnoll barely misses you.
The gnoll shaman hits you with a +0 club.
You barely miss the gnoll shaman. The gnoll barely misses you.
The gnoll shaman closely misses you.
You hit the gnoll shaman.
You hit the gnoll shaman but do no damage.
The gnoll hits you from afar with a +0 spear.
The gnoll shaman hits you with a +0 club!
* * * LOW HITPOINT WARNING * * *
You closely miss the gnoll shaman. The gnoll shaman barely misses you.
The gnoll barely misses you.
You closely miss the gnoll shaman.
You hit the gnoll shaman but do no damage.
You punch the gnoll shaman. The gnoll barely misses you.
The gnoll shaman closely misses you.
You hit the gnoll shaman.
The gnoll hits you from afar with a +0 spear.
* * * LOW HITPOINT WARNING * * *
The gnoll shaman hits you with a +0 club.
* * * LOW HITPOINT WARNING * * *
You hit the gnoll shaman but do no damage.
The gnoll hits you from afar with a +0 spear.
You die... #≈ #≈### ### #≈≈≈###≈# ##≈≈#≈#≈## #≈#≈#≈≈≈≈# ggS

#≈#≈#≈≈≈≈# #g#
#≈#≈≈###≈# #g#
#≈##≈# #≈##
#@###≈##≈# #≈≈##
#...#≈##≈# #≈≈≈#
#.###≈##≈###≈≈≈#
#.# #≈≈####≈≈#≈#
#.# #≈≈####≈≈#≈#
#.# #≈≈#.#≈≈####
###.####≈#.#≈≈#
.......#≈#.#≈≈#
##.....#≈#.##≈#


You could see a gnoll shaman, 3 gnolls and an adder.

Vanquished Creatures
  Sigmund (D:2)
  2 adders (D:2)
  2 dart slugs (D:1)
  2 ball pythons
  4 bats
  6 endoplasms (D:1)
  5 giant cockroaches
  3 goblins
  3 hobgoblins
  10 jackals
  3 quokkas (D:1)
  A frilled lizard (D:1)
  A kobold (D:1)
  6 rats
49 creatures vanquished.

Vanquished Creatures (others)
  19 plants (D:3)
19 creatures vanquished.

Grand Total: 68 creatures vanquished

Notes
Turn   | Place    | Note
-------+----------+-------------------------------------------
     0 | D:1      | Colgate the Kobold Brigand began the quest for the Orb.
     0 | D:1      | Reached XP level 1. HP: 12/12 MP: 1/1
    67 | D:1      | Reached XP level 2. HP: 12/17 MP: 2/2
   345 | D:1      | Reached XP level 3. HP: 21/21 MP: 3/3
   706 | D:1      | Reached skill level 5 in Short Blades
   928 | D:1      | Reached XP level 4. HP: 25/26 MP: 4/4
  1100 | D:2      | Found a burning altar of Makhleb.
  1105 | D:2      | Became a worshipper of Makhleb the Destroyer
  1133 | D:2      | Reached skill level 1 in Invocations
  1502 | D:2      | Noticed Sigmund
  1505 | D:2      | Killed Sigmund
  1506 | D:2      | Reached XP level 5. HP: 30/30 MP: 5/8
  1506 | D:2      | Reached XP level 6. HP: 35/35 MP: 5/9
  2042 | D:3      | Slain by a gnoll

Illustrated notes

Levels and vault maps discovered:
D:1:      heliophobic_arrival_battle_scene, layout_loops_ring
D:2:      layout_loops_ring, basic_altar, uniq_sigmund
D:3:      minmay_angry_zag, layout_loops_ring,
          mainiacjoe_overflow_cross_hatched, nicolae_qazlal_eye_of_the_storm,
          chequers_serial_rivers_large_b

Skill      XL: |  1  2  3  4 |
---------------+-------------+-----
Short Blades   | 3 4 5 |  5.3
Invocations    | 4 |  4.8
Fighting       | |  2.1
Throwing       | |  2.1
Dodging        | |  1.2
Stealth        | |  5.3

Action                   |  1- 3 |  4- 6 || total
-------------------------+-------+-------++-------
Melee: Dagger            |    99 |    51 ||   150
       Punch             |       |     1 ||     1
  Use: Scroll            |       |     7 ||     7
 Stab: Sleeping          |    18 |     8 ||    26
Armor: Robe              |    14 |     8 ||    22
Dodge: Dodged            |    45 |    27 ||    72

Table legend: (Time is in decaauts)
 A = Elapsed time spent in this place.
 B = Non-inter-level travel time spent in this place.
 C = Inter-level travel time spent in this place.
 D = Time resting spent in this place.
 E = Time spent auto-exploring this place.
 F = Levels seen in this place.
 G = Mean time per level.
                   A        B        C        D        E       F      G
               +--------+--------+--------+--------+--------+-----+--------+
         Total |   2036 |   1967 |     69 |      0 |   1668 |   3 |  678.7 |
       Dungeon |   2036 |   1967 |     69 |      0 |   1668 |   3 |  678.7 |
               +--------+--------+--------+--------+--------+-----+--------+

Top non-repeatable levels by time:
     D:1: 1015 daAuts
     D:2: 889 daAuts
     D:3: 131 daAuts
